Map: Vaani Research Station (Void)

Players

Musumeci - Winner!

  • Race: Zerg Zerg
  • League: Diamond
  • Spawn Location: 6:00

DVM

  • Race: Terran Terran
  • League: Diamond
  • Spawn Location: 12:00

VOD

Have the link to the VOD?

Description

Time

  • Played on: Dec. 27, 2016, 9:49 a.m.
  • Length: 26:40
Show
View Real Time Build Order
Export as new Build Order

Musumeci Zerg - Winner!

Build Orders: Hatch First 

Get SALT Encoding   

  12  0:02  Drone  
  13  0:08  Drone  
  14  0:19  Drone, Extractor  
  15  0:42  Hatchery  
  14  0:49  Extractor  
  13  0:50  Drone  
  15  1:06  Extractor  
  14  1:12  Spawning Pool  
  14  1:14  Drone, Extractor  
  14  1:15  Drone  
  14  1:17  Extractor  
  13  1:19  Drone  
  13  1:22  Extractor  
  16  1:28  Overlord  
  16  1:43  Extractor  
  16  1:46  Drone  
  17  1:47  Drone  
  18  1:54  Drone  
  18  1:58  Drone  
  18  1:59  Queen  
  22  2:02  Queen  
  22  2:04  Extractor  
  22  2:07  Drone  
  25  2:10  Drone  
  26  2:15  Overlord  
  26  2:20  Drone  
  28  2:37  Drone  
  28  2:38  Queen, Drone x2  
  32  2:45  Drone  
  32  2:48  Drone  
  32  2:51  Overlord  
  34  2:52  Queen  
  36  3:07  Overlord  
  36  3:11  Drone x5  
  42  3:12  Drone  
  42  3:13  Drone x2  
  44  3:37  Extractor x2, Roach Warren  
  41  3:44  Overlord  
  41  3:45  Overlord  
  41  4:16  Evolution Chamber  
  40  4:17  Evolution Chamber  
  40  4:18  Spine Crawler  
  38  4:28  Roach x3  
  44  4:36  Roach  
  44  4:37  Roach  
  48  4:41  Evolution Chamber  
  48  4:42  Evolution Chamber  
  48  4:47  Drone x2  
  48  4:48  Drone x5, Evolution Chamber  
  48  4:51  Evolution Chamber  
  53  5:18  Zerg Missile Weapons Level 1  
  53  5:21  Lair  
  53  5:22  Drone x6  
  59  5:31  Spore Crawler  
  59  5:33  Drone, Spore Crawler  
  59  5:34  Drone  
  58  5:37  Spore Crawler  
  57  5:56  Spore Crawler x2  
  55  5:57  Spore Crawler  
  55  5:59  Spore Crawler  
  54  6:19  Overseer  
  54  6:44  Extractor  
  53  6:50  Hatchery  
  53  6:51  Zerg Ground Armor Level 1  
  50  7:12  Queen x2  
  50  7:30  Roach  
  50  7:31  Roach x4  
  50  7:32  Overlord x3  
  50  7:34  Glial Reconstitution  
  52  8:03  Overseer  
  52  8:08  Drone  
  52  8:09  Drone x7  
  60  8:19  Roach x3  
  66  8:32  Hatchery  
  65  8:37  Roach x7  
  79  8:46  Queen x2  
  81  9:02  Zerg Missile Weapons Level 2, Zerg Ground Armor Level 2  
  81  9:03  Hydralisk Den  
  81  9:04  Drone  
  81  9:05  Drone x2, Extractor  
  82  9:45  Hydralisk x4  
  82  10:01  Spore Crawler  
  82  10:02  Roach, Spore Crawler  
  82  10:03  Roach x6  
  82  10:04  Spore Crawler  
  73  10:15  Hydralisk x4  
  73  10:18  Muscular Augments  
  81  10:22  Drone  
  81  10:25  Drone x2  
  84  10:37  Drone x6  
  90  10:44  Drone x2, Extractor x2  
  90  10:46  Overlord  
  90  10:47  Overlord x2  
  90  10:49  Hatchery  
  89  11:12  Zergling x2  
  89  11:14  Zergling x2  
  91  11:18  Hydralisk x5  
  91  11:19  Hydralisk x5  
  111  11:43  Spore Crawler  
  111  11:44  Spore Crawler x2  
  79  12:45  Hydralisk x17  
  79  12:48  Overseer  
  79  12:49  Overseer x3  
  111  12:57  Queen  
  111  12:58  Queen x2  
  111  13:00  Drone  
  111  13:01  Overlord x2  
  112  13:12  Spore Crawler  
  111  13:13  Queen, Spore Crawler  
  111  13:14  Spore Crawler x2  
  88  13:42  Pneumatized Carapace  
  88  13:47  Hydralisk x10  
  88  13:48  Hydralisk  
  110  14:04  Extractor  
  106  14:15  Hydralisk x10  
  77  15:00  Drone  
  77  15:01  Drone x6  
  77  15:04  Drone x3  
  77  15:06  Extractor  
  82  15:12  Hydralisk x7  
  92  15:35  Spore Crawler x2  
  91  15:37  Spore Crawler  
  91  15:39  Roach  
  91  15:40  Spine Crawler, Roach x2  
  94  15:52  Infestation Pit  
  83  16:23  Hydralisk x7  
  87  16:26  Roach  
  75  16:44  Drone  
  75  16:45  Drone x7  
  83  16:58  Zergling x2  
  83  16:59  Zergling x2  
  85  17:16  Overseer x2  
  85  17:19  Hydralisk x6  
  97  17:29  Hive  
  91  18:04  Overlord x8  
  77  18:29  Roach  
  77  18:30  Roach x10  
  77  18:31  Roach x6  
  99  19:00  Roach  
  99  19:01  Roach x8  
  107  19:12  Hydralisk x2  
  107  19:28  Queen x2  
  107  19:46  Extractor  
  107  19:49  Spine Crawler  
  107  19:50  Spine Crawler  
  103  19:55  Hydralisk x3  
  95  20:08  Hydralisk x3  
  99  20:20  Ravager x14  
  112  20:34  Hydralisk x5  
  122  20:45  Roach x4  
  130  20:52  Roach x3  
  111  21:15  Hydralisk x7  
  100  21:18  Roach  
  100  21:19  Roach  
  98  21:29  Ravager x7  
  105  21:50  Overseer x2  
  105  21:51  Overseer  
  105  21:53  Extractor  
  104  21:54  Hatchery  
  104  21:57  Extractor  
  98  22:44  Hatchery  
  98  22:45  Extractor  
  98  22:46  Extractor  
  98  22:51  Roach x10  
  111  22:52  Hydralisk x2  
  111  22:53  Hydralisk x4  
  127  23:12  Drone x6  
  133  23:14  Drone  
  131  23:41  Spore Crawler  
  131  23:43  Spore Crawler  
  131  23:44  Spore Crawler x2  
  131  23:47  Spine Crawler  
  126  23:49  Spine Crawler  
  115  23:56  Roach x7  
  115  23:58  Ravager x3  
  115  24:01  Overlord x6  
  132  24:22  Ravager x10  
  132  24:23  Ravager x4  
  146  24:27  Zergling x2  
  146  24:29  Overlord x3  
  146  24:30  Overlord x2  
  131  25:02  Overseer  
  131  25:03  Overseer  
  131  25:04  Overseer  
  131  25:11  Spore Crawler  
  131  25:12  Spore Crawler x2  
  131  25:13  Spore Crawler  
  127  25:15  Spine Crawler x2, Drone  
  127  25:16  Spine Crawler, Drone x6, Spore Crawler  
  121  25:39  Hydralisk x6  
  107  25:52  Roach x6  
  104  26:08  Roach x4  
  104  26:09  Roach x5, Hydralisk  
  104  26:10  Hydralisk x2  
  104  26:11  Hydralisk x2  
Show
View Real Time Build Order
Export as new Build Order

DVM Terran 

Build Orders: Hellion Banshee 

Get SALT Encoding   

  12  0:01  SCV  
  13  0:13  SCV  
  14  0:19  Supply Depot  
  14  0:25  SCV  
  15  0:29  Refinery  
  15  0:40  SCV  
  16  0:46  Barracks  
  16  0:52  SCV  
  17  1:04  SCV  
  17  1:05  Supply Depot  
  18  1:17  SCV  
  19  1:29  SCV  
  20  1:33  Factory  
  20  1:35  Marine  
  21  1:41  SCV  
  22  1:53  Orbital Command, Marine  
  23  2:11  Marine  
  23  2:12  Supply Depot  
  24  2:16  Factory Reactor  
  24  2:21  Supply Depot  
  24  2:26  SCV  
  24  2:29  Marine  
  26  2:33  Starport, Refinery  
  26  2:38  SCV  
  27  2:52  SCV  
  27  2:53  Hellion x2  
  27  2:56  Barracks Tech Lab  
  32  3:04  SCV  
  33  3:09  Medivac  
  35  3:15  Hellion x2  
  35  3:18  SCV  
  40  3:29  Armory  
  40  3:30  SCV  
  41  3:39  Hellion x2  
  45  3:42  SCV  
  46  3:54  Supply Depot  
  46  3:58  Banshee  
  49  4:18  Supply Depot  
  49  4:23  Cloaking Field  
  49  4:25  Hellion x2  
  53  4:53  Command Center  
  42  5:14  Banshee  
  37  5:15  Command Center  
  37  5:16  Starport  
  40  5:24  Barracks Reactor, Starport  
  40  5:25  SCV  
  41  5:37  SCV  
  42  5:49  SCV  
  43  5:56  Starport Tech Lab  
  43  5:57  Banshee, Factory Tech Lab  
  43  6:01  SCV, Starport Tech Lab  
  47  6:07  Starport  
  47  6:08  Orbital Command  
  47  6:13  SCV  
  49  6:25  SCV  
  49  6:29  Banshee  
  52  6:37  SCV  
  53  6:49  SCV, Engineering Bay  
  54  6:56  Banshee  
  48  7:10  SCV  
  48  7:11  SCV  
  48  7:13  Refinery x2  
  50  7:23  SCV x2  
  52  7:31  Banshee x2  
  52  7:35  SCV x2  
  57  7:39  SCV  
  58  7:47  SCV x2  
  60  7:55  Planetary Fortress  
  60  7:59  SCV x2  
  60  8:05  Missile Turret x2  
  62  8:06  Missile Turret  
  62  8:07  Missile Turret  
  62  8:08  Missile Turret x2  
  62  8:11  SCV x2  
  64  8:18  Thor  
  70  8:22  Bunker  
  70  8:23  SCV  
  65  8:36  Banshee  
  65  8:53  Missile Turret  
  65  8:54  SCV x3  
  65  8:55  Missile Turret x2  
  68  8:57  Banshee x2  
  74  9:06  SCV x3  
  77  9:10  Terran Vehicle And Ship Armor Level 1  
  77  9:12  Marine x2  
  77  9:16  Command Center  
  79  9:18  SCV x3  
  79  9:19  Banshee  
  79  9:20  Refinery  
  79  9:22  Refinery  
  85  9:29  Marine  
  85  9:30  SCV x3, Marine  
  90  9:39  Banshee  
  90  9:40  Banshee  
  90  9:42  SCV x3  
  98  9:47  Marine  
  98  9:48  Marine  
  98  9:52  Missile Turret  
  97  10:02  Banshee  
  97  10:05  Marine  
  97  10:06  Marine  
  100  10:20  Liberator x2  
  100  10:30  Supply Depot  
  100  10:31  Supply Depot  
  100  10:33  Supply Depot  
  100  10:37  Banshee  
  100  10:40  Missile Turret  
  109  10:55  Supply Depot  
  109  10:57  Banshee x2  
  109  11:01  Missile Turret  
  109  11:02  Missile Turret  
  115  11:04  Terran Vehicle Weapons Level 1  
  115  11:05  Missile Turret  
  115  11:07  Thor  
  121  11:11  Missile Turret  
  121  11:12  Missile Turret x2  
  121  11:14  Missile Turret  
  121  11:15  Missile Turret  
  121  11:18  Missile Turret  
  121  11:20  Viking x2, Banshee  
  121  11:21  Missile Turret  
  121  11:22  Missile Turret  
  125  11:33  Missile Turret  
  122  11:41  Planetary Fortress, Refinery x2  
  122  11:42  SCV  
  122  11:44  Missile Turret x2  
  123  11:53  Banshee x2  
  123  12:02  Banshee  
  123  12:04  Missile Turret  
  116  12:34  Liberator x2  
  116  12:36  Banshee  
  100  12:47  Banshee x2, Command Center  
  100  12:49  Marine x2  
  108  12:57  Command Center x2  
  114  13:07  Marine x2  
  114  13:12  Terran Vehicle Weapons Level 2  
  116  13:13  Bunker  
  116  13:16  Armory  
  116  13:17  Liberator x2  
  116  13:18  Banshee, Armory  
  119  13:24  Marine  
  119  13:25  Marine  
  112  13:29  Banshee  
  112  13:30  Banshee  
  110  13:42  Marine, Command Center  
  111  14:01  Orbital Command, Banshee  
  114  14:05  Thor  
  117  14:12  Banshee  
  117  14:13  Banshee  
  100  14:38  Starport  
  100  14:39  SCV  
  100  14:40  SCV x2  
  100  14:44  Banshee  
  100  14:45  Command Center  
  106  14:51  SCV  
  106  14:52  SCV x2  
  103  14:55  Banshee  
  103  14:56  Banshee  
  91  15:01  Thor  
  91  15:03  SCV  
  91  15:04  SCV x2  
  100  15:11  Refinery x2, Terran Vehicle And Ship Armor Level 2  
  100  15:12  Terran Ship Weapons Level 1  
  100  15:15  SCV  
  100  15:16  SCV x2  
  100  15:19  Missile Turret  
  88  15:26  Marine  
  88  15:27  Banshee  
  88  15:28  SCV x3  
  89  15:30  Factory  
  89  15:31  Orbital Command  
  89  15:38  Banshee  
  92  15:43  Widow Mine  
  92  15:44  Marine, Command Center  
  92  15:49  Command Center  
  95  15:56  Factory  
  95  15:59  Factory  
  95  16:02  Marine  
  80  16:12  Widow Mine  
  81  16:20  Marine  
  78  16:38  Marine  
  79  16:40  Widow Mine  
  79  16:45  Factory Reactor x2  
  81  16:48  Infernal Pre-Igniter  
  81  16:52  Factory Reactor  
  81  17:01  Command Center  
  81  17:09  Widow Mine  
  81  17:13  Terran Ship Weapons Level 2, Terran Vehicle Weapons Level 3  
  82  17:16  Orbital Command  
  82  17:25  Hellion  
  82  17:26  Hellion x3  
  82  17:28  Banshee  
  93  17:36  Planetary Fortress  
  93  17:37  Widow Mine  
  95  17:47  Hellion x4  
  102  18:03  Banshee x2  
  108  18:07  Hellion  
  108  18:08  Hellion  
  108  18:09  Hellion x3  
  108  18:11  Banshee  
  112  18:28  Hellion  
  112  18:29  Hellion  
  112  18:30  Hellion x3  
  112  18:32  Hellion x2  
  121  18:45  Banshee  
  119  18:50  Hellion  
  119  18:51  Hellion x4  
  119  18:53  Hellion  
  119  18:54  Hellion  
  103  19:21  Command Center x2  
  103  19:34  Banshee x3  
  112  19:38  SCV  
  112  19:39  SCV  
  114  19:50  Refinery  
  114  19:51  SCV  
  114  19:52  Missile Turret  
  115  19:53  Missile Turret  
  99  20:10  Thor  
  105  20:17  Banshee, Refinery  
  108  20:23  Widow Mine x5  
  118  20:29  Liberator x2  
  118  20:32  Planetary Fortress  
  118  20:53  Supply Depot  
  118  20:54  Missile Turret  
  102  21:14  Banshee x3  
  105  21:27  Planetary Fortress  
  105  21:28  SCV x2  
  104  21:53  Fusion Core  
  98  22:01  Liberator  
  98  22:03  Refinery  
  98  22:04  Refinery  
  98  22:05  Siege Tank  
  98  22:06  Command Center  
  92  22:29  Missile Turret  
  92  22:30  Missile Turret  
  89  22:37  Siege Tank  
  89  22:41  Missile Turret  
  89  22:43  Missile Turret, Raven x3  
  98  22:46  Widow Mine x2  
  102  23:09  Terran Vehicle And Ship Armor Level 3  
  102  23:10  Terran Ship Weapons Level 3, Siege Tank  
  105  23:20  Supply Depot  
  105  23:25  Banshee x2  
  107  23:38  Banshee  
  110  23:43  Orbital Command, Supply Depot  
  110  23:46  Liberator x2  
  103  24:02  Orbital Command  
  103  24:08  Banshee x2, Hyperflight Rotors  
  115  24:21  Banshee  
  118  24:32  Hellion  
  120  24:43  Missile Turret  
  120  24:50  Orbital Command  
  120  24:51  Banshee x2  
  93  25:04  Banshee  
  96  25:16  Orbital Command, Hellion  
  98  25:25  Refinery  
  98  25:34  Banshee x2  
  62  25:50  Banshee  
  62  25:55  SCV  
  59  26:05  Orbital Command  
Tags
 
Add a new tag
Caveats
  • Supply blocks, unpowered buildings, or Contaminate may cause inaccurate times.
  • Supply counts are checked every 10 seconds.